 Dungeon Crawl Stone Soup version 0.29-a0-187-ga23d9638d5 (webtiles) character file.

Game seed: 2279242308119644752

199 Rennog the Skirmisher (level 5, -6/62 HPs)
             Began as an Ogre Fighter on Feb 21, 2022.
             Killed from afar by an orc wizard (10 damage)
             ... with a magic dart
             ... on level 2 of the Dungeon.
             The game lasted 00:03:46 (3664 turns).

Rennog the Skirmisher (Ogre Fighter)                Turns: 3664, Time: 00:03:47

Health: -6/62      AC:  3    Str: 20    XL:     5   Next: 77%
Magic:  5/5        EV:  9    Int:  9    God:
Gold:   117        SH:  7    Dex: 10    Spells: 4/4 levels left

rFire   . . .      SeeInvis .   a - +0 flail
rCold   . . .      Faith    .   c - +0 kite shield
rNeg    . . .      Spirit   .   b - +0 robe
rPois   .          Reflect  .   (helmet restricted)
rElec   .          Harm     .   (no cloak)
rCorr   .          Rampage  .   (gloves unavailable)
Will    .....                   (boots unavailable)
Stlth   +.........              (no amulet)
HPRegen 0.20/turn               (no ring)
MPRegen 0.09/turn               (no ring)

@: no status effects
A: large, unfitting armour, tough skin 1
a: no special abilities


You were on level 2 of the Dungeon.
You visited 1 branch of the dungeon, and saw 3 of its levels.

You collected 117 gold pieces.

Inventory:

Hand Weapons
 a - a +0 flail (weapon)
Armour
 b - a +0 robe (worn)
 c - a +0 kite shield (worn)
Scrolls
 f - a scroll of silence {unknown}
 g - 4 scrolls of teleportation {unknown}
 h - a scroll of blinking {unknown}
 i - 5 scrolls of identify {unknown}
 j - 2 scrolls of holy word {unknown}
 l - a scroll of vulnerability {unknown}
 m - a scroll of magic mapping {unknown}
 n - a scroll of fear {unknown}
Potions
 d - a potion of might
 e - a potion of brilliance {unknown}
 k - a potion of flight {unknown}


   Skills:
 + Level 7.4 Fighting
 + Level 2.1 Maces & Flails
 + Level 3.0 Dodging
 - Level 1.1 Stealth
 - Level 2.6 Shields


You had 4 spell levels left.
You didn't know any spells.
Your spell library contained the following spells:

 Spells                   Type           Power      Damage    Failure   Level
 Beastly Appendage        Tmut           0%         N/A       69%         1
 Ensorcelled Hibernation  Hex/Ice        0%         N/A       83%         2
 Wereblood                Tmut           0%         N/A       83%         2
 Conjure Flame            Conj/Fire      0%         6-21      96%         3
 Ignite Poison            Fire/Tmut/Pois 0%         N/A       96%         3
 Spider Form              Tmut/Pois      0%         N/A       96%         3
 Anguish                  Hex/Necr       0%         N/A       100%        4
 Sticky Flame             Conj/Fire      0%         2d3       100%        4


Dungeon Overview and Level Annotations

Branches:
Dungeon (3/15)

Altars:
The Shining One


Innate Abilities, Weirdness & Mutations

You are too large for most types of armour.
You have tough skin. (AC +1)


Message History

You hit something. Something hits you. Something completely misses you.
You feel less confused. Something hits you.
You hear some strange, mumbled words.
Something tries to affect you, but you resist.
You barely miss something. Something hits you but does no damage.
You hear some strange, mumbled words.
You are confused.
You hear some strange, mumbled words.
You are more confused.
You barely miss something. Something hits you. x2
You closely miss something. Something hits you but does no damage.
You hear some strange, mumbled words.
A puff of flame appears from out of thin air!
The puff of flame hits you!
* * * LOW HITPOINT WARNING * * *
Something hits you but does no damage. x2
Something hits you.
* * * LOW HITPOINT WARNING * * *
You miss something.
You hear some strange, mumbled words.
A magic dart appears from out of thin air!
The magic dart hits you.
* * * LOW HITPOINT WARNING * * *
Something hits you but does no damage. Something hits you but does no damage.
You're too confused to move!
Something hits you.
* * * LOW HITPOINT WARNING * * *
Something hits you but does no damage.
You closely miss something.
Something hits you but does no damage. x2
You feel less confused.
You closely miss something. Something hits you.
* * * LOW HITPOINT WARNING * * *
Something hits you.
* * * LOW HITPOINT WARNING * * *
You hit something but do no damage. Something hits you but does no damage.
You hear some strange, mumbled words.
A magic dart appears from out of thin air!
The magic dart hits you!
You die...

.# #...#..###.#>##...# #.#.#
.#####..........#.##.### #.#.#
.[...<......#####.#...#####.#.###
.######........(.................
.# ###.)##.........#######.###
.########..##........## #.# #
###........<........## #.# #
###)###.#####.......# ######.###
#...........#...@{..# #.........
#.#.###.###.#.......# #.####.###
..#.# #.# #.######### #.####.# #
###.# #.# #.# #.##...# #
#.###.###.# #.##.### #.........#
#.##.## #####.###.# #.#...####
#.# #.# #...#..... #.# #.#
###...####


There were no monsters in sight!

Vanquished Creatures
  A scorpion (D:3)
  A crimson imp (D:2)
  An orc priest (D:2)
  2 worms (D:3)
  9 orcs
  5 endoplasms
  6 goblins
  6 hobgoblins
  4 quokkas (D:1)
  A ball python (D:3)
  5 bats
  A goblin zombie (D:3)
  3 hobgoblin zombies (D:3)
  7 kobolds
  A kobold skeleton (D:3)
  A kobold zombie (D:3)
  An orc zombie (D:3)
  8 rats
63 creatures vanquished.

Notes
Turn   | Place    | Note
-------+----------+-------------------------------------------
     0 | D:1      | Rennog the Ogre Fighter began the quest for the Orb.
     0 | D:1      | Reached XP level 1. HP: 24/24 MP: 1/1
   228 | D:1      | Reached XP level 2. HP: 29/33 MP: 2/2
   501 | D:1      | Reached skill level 5 in Fighting
   558 | D:1      | Found a faded altar of an unknown god.
   593 | D:1      | You fall into a shaft and drop 1 floor!
  1067 | D:1      | Reached XP level 3. HP: 42/42 MP: 3/3
  2258 | D:3      | Found a glowing golden altar of the Shining One.
  2448 | D:2      | Reached skill level 6 in Fighting
  2675 | D:2      | Reached XP level 4. HP: 51/52 MP: 4/4
  2714 | D:3      | Noticed a scorpion
  3148 | D:2      | Reached skill level 1 in Stealth
  3265 | D:2      | Reached skill level 7 in Fighting
  3265 | D:2      | Reached XP level 5. HP: 62/62 MP: 5/5
  3663 | D:2      | HP: 3/62 [something (2)]
  3664 | D:2      | Killed from afar by an orc wizard

Illustrated notes

Levels and vault maps discovered:
D:1:      dpeg_arrival_arbitrary_c, layout_basic,
          hellmonk_ecumenical_altar_leap_of_faith, chequers_serial_rivers_marsh
D:2:      layout_loops_ring, minivault_11
D:3:      layout_rooms, nicolae_tso_besieged_by_evil

Skill      XL: |  1  2  3  4  5 |
---------------+----------------+-----
Fighting       | 5 6 7 |  7.4
Stealth        | 1 |  1.1
Maces & Flails | 2 |  2.1
Dodging        | 3 |  3.0
Shields        | |  2.6

Action                   |  1- 3 |  4- 6 || total
-------------------------+-------+-------++-------
Melee: Flail             |   147 |    79 ||   226
Armor: Robe              |    51 |    25 ||    76
Dodge: Dodged            |    71 |    37 ||   108
Block: Kite shield       |    72 |    44 ||   116

Table legend: (Time is in decaauts)
 A = Elapsed time spent in this place.
 B = Non-inter-level travel time spent in this place.
 C = Inter-level travel time spent in this place.
 D = Time resting spent in this place.
 E = Time spent auto-exploring this place.
 F = Levels seen in this place.
 G = Mean time per level.
                   A        B        C        D        E       F      G
               +--------+--------+--------+--------+--------+-----+--------+
         Total |   3772 |   3689 |     83 |    449 |   2566 |   3 | 1257.3 |
       Dungeon |   3772 |   3689 |     83 |    449 |   2566 |   3 | 1257.3 |
               +--------+--------+--------+--------+--------+-----+--------+

Top non-repeatable levels by time:
     D:2: 1681 daAuts
     D:1: 1282 daAuts
     D:3: 808 daAuts
